 Dungeon Crawl Stone Soup version 0.21-a0-2-ge494091 (console) character file.

3662 Croases the Fighter (level 10, -4/77 HPs)
             Began as an Octopode Wanderer on May 23, 2017.
             Was an Elder of Sif Muna.
             Killed from afar by a gargoyle (28 damage)
             ... with a stone arrow
             ... on level 6 of the Dungeon.
             The game lasted 00:09:27 (7585 turns).

Croases the Fighter (Octopode Wanderer)             Turns: 7585, Time: 00:09:27

Health: -4/77      AC:  1    Str: 11    XL:     10   Next: 12%
Magic:  22/22      EV: 12    Int: 18    God:    Sif Muna [****..]
Gold:   265        SH:  0    Dex: 12    Spells: 26/26 levels left

rFire    . . .     SeeInvis .   y - +6 flail (venom)
rCold    . . .     Gourm    .   (no shield)
rNeg     . . .     Faith    +   (helmet restricted)
rPois    .         Spirit   .   v - amulet of faith
rElec    .         Reflect  .   (no ring)
rCorr    .         Harm     .   (no ring)
MR       .....                  (no ring)
Stlth    +++.......             (no ring)
Regen    0.3/turn               (no ring)
MPRegen  0.2/turn               (no ring)
                                (no ring)
                                (no ring)

@: about to teleport
A: almost no armour, stealthy swim, amphibious, 8 rings, constrict 8, camouflage
1, gelatinous body 1
a: Divine Energy, Channel Magic, Forget Spell, Renounce Religion


You were on level 6 of the Dungeon.
You worshipped Sif Muna.
Sif Muna was greatly pleased with you.
You were not hungry.

You visited 1 branch of the dungeon, and saw 7 of its levels.

You collected 265 gold pieces.

Inventory:

Hand Weapons
 a - a +2 spear
 d - a +0 dagger
 q - a +1 rapier of venom
 y - a +6 flail of venom (weapon)
Jewellery
 v - an amulet of faith (around mantle)
 w - an uncursed amulet of guardian spirit
Wands
 m - a wand of lightning (0/15)
Scrolls
 e - 4 scrolls of identify
 h - 5 scrolls of remove curse
 k - 2 scrolls of fear
 l - 4 scrolls of amnesia
 n - 4 scrolls of teleportation
 p - a scroll of magic mapping {unknown}
 r - 2 scrolls of enchant armour {unknown}
 u - a scroll of noise {unknown}
 z - a scroll of random uselessness {unknown}
Potions
 c - 4 potions of curing
 i - 2 potions of haste
 t - a potion of mutation {unknown}
Books
 b - the Handbook of Arcane Weapons

   Spells                             Type                      Level
   a - Throw Frost                    Conjuration/Ice              2
   b - Throw Flame                    Conjuration/Fire             2
 s - a book of Minor Magic

   Spells                             Type                      Level
   a - Magic Dart                     Conjuration                  1
   b - Blink                          Translocation                2
   c - Call Imp                       Summoning                    2
   d - Slow                           Hexes                        2
   e - Conjure Flame                  Conjuration/Fire             3
   f - Mephitic Cloud                 Conjuration/Poison/Air       3
Comestibles
 f - 5 bread rations
 g - 6 royal jellies
 j - 5 meat rations
 o - 5 chunks of flesh


   Skills:
 + Level 10.9 Fighting
 - Level 4.0 Stealth
   Level 1.0 Shields
 + Level 8.8 Spellcasting
   Level 1.0 Summonings
   Level 1.0 Transmutations


You had 26 spell levels left.
You didn't know any spells.

Dungeon Overview and Level Annotations

Branches:
Dungeon (7/15)             Temple (0/1) D:6

Altars:
Ashenzari
Qazlal
Ru
Sif Muna
Trog

Shops:
D:6 *


Innate Abilities, Weirdness & Mutations

You cannot wear most types of armour.
You are very stealthy in the water. (Stealth+)
You are amphibious.
You can wear up to eight rings at the same time.
You can use your tentacles to constrict eight enemies at once.
Your skin changes colour to match your surroundings (Stealth+).
Your rubbery body absorbs attacks. (AC +1, EV +1)


Message History

You feel sick. The killer bee stings you!
* * * LOW HITPOINT WARNING * * *
A bullfrog comes into view.
Your surroundings suddenly seem different.
You feel sick.
You feel better.
There is a stone staircase leading up here.
You climb upwards.
A gargoyle comes into view. It is wielding a morningstar.
The jelly quivers.
The gargoyle barely misses you.
There is a stone staircase leading down here.
There are monsters nearby!
Unknown command.
As you read the scroll of teleportation, it crumbles to dust.
You feel strangely unstable. The gargoyle barely misses you.
The jelly closely misses you.
The gargoyle hurls a stone arrow at you.
The stone arrow hits you!
You die...

#......... ###########
#.>.......
#.........#########.........
##.###...........##......#.#
#.# ####..............(...+
#.# #..###.#.#######.#.# #.#
#..# #.#.#######<... #.#
####..###.#............ #.#
#...9.@.......#####.#.. #.#
#.#..>................. #.#
#.#..J...[....#####.#..
##.###.#....................
#..................#####.##.
##.#..........(...## #.##.
##.###.##.####.....# #.##.
#..............)...########.
######..#.............#####.


You could see a gargoyle and a jelly.

Vanquished Creatures
  A hydra (D:6)
  The ghost of Croases the Fighter, a novice OpWn (D:5)
  Prince Ribbit (D:5)
  Sigmund (D:3)
  Eustachio (D:5)
  The ghost of Croases the Skirmisher, an amateur OpWn (D:3)
  An orc warrior (D:5)
  An ice beast (D:5)
  A sky beast (D:6)
  2 phantoms (D:5)
  5 ogres
  A centaur (D:6)
  2 bullfrogs (D:6)
  A scorpion (D:4)
  2 howler monkeys
  4 crimson imps
  2 orc priests
  4 hounds
  2 orc wizards
  3 bullfrog skeletons
  An iguana (D:5)
  A worker ant (D:5)
  A killer bee zombie (D:7)
  2 hound zombies
  6 adders
  A shadow imp (D:6)
  An ooze (D:4)
  An adder skeleton (D:6)
  3 worms
  4 dart slugs
  6 leopard geckos
  20 orcs
  7 giant cockroaches
  2 goblins (D:1)
  7 hobgoblins
  4 jackals (D:7)
  7 quokkas
  2 ball pythons
  A bat (D:1)
  6 frilled lizards
  A jackal skeleton (D:4)
  6 kobolds
  A leopard gecko zombie (D:5)
  10 rats
138 creatures vanquished.

Notes
Turn   | Place    | Note
-------+----------+-------------------------------------------
     0 | D:1      | Croases the Octopode Wanderer began the quest for the Orb.
     0 | D:1      | Croases set off with: a +2 spear, the Handbook of Arcane Weapons, a potion of curing, a +0 dagger, a bread ration
     0 | D:1      | Reached XP level 1. HP: 16/16 MP: 2/2
     0 | D:1      | Identified the Handbook of Arcane Weapons
   231 | D:1      | Reached XP level 2. HP: 21/21 MP: 3/3
   448 | D:2      | Reached skill level 4 in Fighting
   469 | D:2      | Reached XP level 3. HP: 27/27 MP: 4/4
  1040 | D:2      | Reached XP level 4. HP: 31/34 MP: 5/5
  1261 | D:3      | Reached skill level 5 in Fighting
  1276 | D:3      | Found a faded altar of an unknown god.
  1317 | D:3      | Became a worshipper of Sif Muna the Loreminder
  1317 | D:3      | Reached * piety under Sif Muna
  1343 | D:3      | Reached XP level 5. HP: 24/39 MP: 6/6
  1577 | D:3      | Noticed Croases's ghost (amateur OpWn)
  1636 | D:3      | Found a sacrificial altar of Ru.
  1636 | D:3      | Found a bloodstained altar of Trog.
  1664 | D:3      | Noticed Sigmund
  1675 | D:3      | Killed Sigmund
  1675 | D:3      | Reached skill level 6 in Fighting
  1675 | D:3      | Reached XP level 6. HP: 37/46 MP: 6/9
  1813 | D:3      | Killed Croases's ghost
  1824 | D:3      | Reached XP level 7. HP: 17/53 MP: 3/12
  2726 | D:4      | Found a stormy altar of Qazlal.
  2797 | D:4      | Reached ** piety under Sif Muna
  2850 | D:4      | Reached skill level 7 in Fighting
  3392 | D:5      | Entered Level 5 of the Dungeon
  3392 | D:5      | Noticed Croases's ghost (novice OpWn)
  3416 | D:5      | Killed Croases's ghost
  3416 | D:5      | Reached skill level 8 in Fighting
  3416 | D:5      | Reached skill level 5 in Spellcasting
  3416 | D:5      | Reached XP level 8. HP: 28/61 MP: 10/15
  4345 | D:5      | Noticed Eustachio
  4364 | D:5      | Killed Eustachio
  4459 | D:5      | Noticed Prince Ribbit
  4541 | D:5      | Killed Prince Ribbit
  4541 | D:5      | Reached skill level 9 in Fighting
  4622 | D:5      | Reached *** piety under Sif Muna
  4622 | D:5      | Reached XP level 9. HP: 60/68 MP: 18/18
  4943 | D:5      | Found a sacrificial altar of Ru.
  5212 | D:6      | Found a staircase to the Ecumenical Temple.
  5253 | D:6      | Found a shattered altar of Ashenzari.
  6326 | D:6      | Found Nemodoiwk's Assorted Antiques.
  6432 | D:6      | Noticed a four-headed hydra
  6447 | D:6      | Killed a four-headed hydra
  6447 | D:6      | Reached **** piety under Sif Muna
  6447 | D:6      | Reached skill level 10 in Fighting
  7119 | D:6      | Reached XP level 10. HP: 60/77 MP: 22/22
  7583 | D:6      | Noticed a gargoyle
  7585 | D:6      | Killed from afar by a gargoyle

Vault maps used:
D:1:      dpeg_arrival_round_c, minmay_hexomino_u4
D:2:      first_bread, kennysheep_boxes
D:3:      gammafunk_temple_overflow_wave, chequers_ecumenical_altar_twisty,
          uniq_sigmund
D:4:      grunt_qazlal_sundering
D:5:      nicolae_ru_the_path_less_chosen, uniq_prince_ribbit1, uniq_eustachio
D:6:      minmay_opposing_rooms, minmay_temple_entry_junction, serial_shops,
          nicolae_shop_behind_doors, ashenzari_altar_1

Skill      XL: |  1  2  3  4  5  6  7  8  9 |
---------------+----------------------------+-----
Fighting       | 4 5 6 8 9 10 | 10.9
Spellcasting   | 2 3 5 6 8 |  8.8
Stealth        | |  4.0
Shields        | |  1.0
Summonings     | |  1.0
Transmutations | |  1.0

Action                   |  1- 3 |  4- 6 |  7- 9 | 10-12 || total
-------------------------+-------+-------+-------+-------++-------
Melee: Spear             |    73 |    65 |    51 |       ||   189
       Constrict         |    13 |    13 |    30 |     5 ||    61
       Tentacles         |     6 |    10 |    31 |     6 ||    53
       Flail             |       |       |   178 |    40 ||   218
Evoke: Wand              |       |     4 |     2 |       ||     6
  Use: Scroll            |       |     4 |     6 |     2 ||    12
       Potion            |       |       |     8 |     1 ||     9
 Stab: Sleeping          |    12 |     3 |    15 |     3 ||    33
       Invisible         |       |       |     3 |       ||     3
       Distracted        |       |       |     1 |       ||     1
  Eat: Chunk             |       |     3 |    11 |     3 ||    17
       Bread ration      |       |       |     1 |       ||     1
Armor: Skin              |     6 |     1 |    47 |     3 ||    57
Dodge: Dodged            |    28 |    18 |   148 |    41 ||   235
